Map: World of Sleepers LE

Players

Impact

  • Race: Zerg Zerg
  • League: Grandmaster
  • Spawn Location: 1:00

Cure - Winner!

  • Race: Terran Terran
  • Spawn Location: 7:00

VOD

Have the link to the VOD?

Description

Time

  • Played on: Sept. 3, 2019, 7:20 a.m.
  • Length: 18:41
Show
View Real Time Build Order
Export as new Build Order

Impact Zerg 

Build Orders: Hatch First 

Get SALT Encoding   

  12  0:00  Drone  
  13  0:12  Overlord  
  13  0:17  Drone  
  14  0:30  Drone  
  14  0:31  Drone  
  16  0:48  Hatchery  
  15  0:51  Drone  
  15  0:55  Drone  
  17  0:59  Drone  
  18  1:05  Extractor  
  17  1:13  Spawning Pool  
  17  1:17  Drone  
  17  1:21  Drone  
  18  1:28  Drone  
  19  1:38  Drone  
  20  1:50  Overlord  
  20  2:00  Zergling x2  
  20  2:01  Zergling x2, Queen x2  
  22  2:07  Metabolic Boost  
  26  2:12  Drone  
  26  2:13  Drone  
  28  2:21  Drone  
  28  2:22  Drone  
  30  2:34  Drone  
  30  2:36  Queen  
  31  2:40  Drone  
  34  2:46  Drone x2  
  36  2:51  Pneumatized Carapace  
  36  2:53  Overlord  
  36  3:07  Overlord  
  36  3:13  Drone x4  
  36  3:15  Queen  
  36  3:18  Drone  
  43  3:24  Drone  
  43  3:26  Drone  
  44  3:29  Hatchery  
  43  3:34  Drone  
  43  3:38  Drone  
  45  3:42  Queen  
  45  3:44  Drone x2  
  45  3:45  Drone x2  
  45  3:47  Overlord  
  51  3:51  Overlord  
  51  3:57  Evolution Chamber x2  
  51  4:02  Extractor  
  48  4:06  Drone  
  48  4:07  Overlord, Drone x2  
  51  4:13  Drone  
  51  4:15  Zergling x6  
  55  4:18  Drone  
  55  4:20  Queen  
  55  4:22  Zerg Ground Armor Level 1  
  58  4:27  Drone  
  58  4:30  Drone x2  
  61  4:34  Extractor  
  61  4:35  Drone  
  61  4:36  Spore Crawler, Zerg Melee Weapons Level 1  
  60  4:40  Zergling x2  
  60  4:41  Overlord  
  60  4:43  Drone  
  60  4:44  Drone  
  63  4:52  Drone x5  
  68  4:57  Overlord  
  68  4:59  Drone  
  69  5:01  Lair, Drone  
  69  5:03  Drone  
  69  5:05  Drone  
  72  5:07  Drone  
  72  5:10  Baneling Nest  
  72  5:11  Overlord  
  72  5:15  Drone  
  72  5:16  Drone  
  72  5:19  Drone  
  75  5:22  Extractor, Drone  
  75  5:23  Drone x2  
  75  5:24  Drone  
  75  5:28  Drone  
  79  5:29  Zergling x6  
  79  5:30  Zergling x2  
  79  5:31  Zergling x4  
  79  5:34  Zergling x2  
  86  5:37  Zergling x4  
  88  5:45  Zergling x2  
  89  5:50  Overlord x2  
  89  5:54  Baneling x6  
  89  5:55  Baneling  
  89  5:56  Hatchery  
  88  5:59  Hatchery  
  88  6:00  Zergling x4  
  88  6:02  Centrifical Hooks, Baneling  
  89  6:04  Zergling x2  
  89  6:07  Baneling x3  
  89  6:09  Zergling x8  
  94  6:11  Zergling x4  
  94  6:12  Zergling x2  
  94  6:14  Zergling x2  
  94  6:16  Baneling x3  
  94  6:18  Overseer  
  98  6:25  Overseer, Drone  
  94  6:26  Drone  
  94  6:28  Drone x2  
  94  6:30  Drone  
  94  6:31  Drone  
  96  6:35  Drone x3  
  96  6:37  Zergling x2  
  100  6:40  Zergling x2  
  100  6:46  Zergling x6  
  104  6:49  Zergling x4, Baneling  
  104  6:54  Overlord  
  106  6:57  Overlord  
  106  6:58  Overlord  
  106  7:11  Drone  
  106  7:12  Drone x3  
  106  7:15  Drone x4  
  113  7:16  Baneling x3  
  113  7:17  Baneling x3  
  113  7:19  Drone x2  
  113  7:22  Spore Crawler  
  112  7:23  Drone x3  
  112  7:24  Zerg Melee Weapons Level 2, Zerg Ground Armor Level 2  
  112  7:26  Hatchery  
  113  7:30  Zergling x6  
  113  7:33  Zergling x4  
  112  7:40  Zergling x4  
  112  7:43  Zergling x4  
  110  7:46  Baneling x2, Drone  
  110  7:47  Infestation Pit, Baneling x3  
  110  7:50  Burrow  
  110  7:52  Spore Crawler, Drone x3  
  110  7:55  Zergling x4  
  110  7:57  Baneling x3  
  114  8:01  Drone x3, Extractor  
  114  8:02  Zergling x2, Baneling  
  114  8:05  Zergling x8  
  117  8:06  Zergling x4  
  117  8:07  Zergling x10  
  117  8:10  Zergling x4  
  129  8:19  Zergling x8  
  130  8:20  Zergling x8  
  130  8:24  Hive  
  130  8:30  Overlord x3  
  130  8:31  Overlord x3  
  130  8:36  Drone  
  130  8:37  Drone x4  
  130  8:38  Drone x2  
  130  8:40  Baneling x8  
  137  8:49  Zergling x10  
  137  8:53  Baneling x3  
  132  8:56  Drone x6  
  132  8:57  Drone  
  132  9:00  Drone x6  
  144  9:03  Zergling x2  
  144  9:05  Zergling x6  
  144  9:10  Zergling x8  
  144  9:14  Zergling x2  
  144  9:15  Zergling x2  
  146  9:31  Zergling x6  
  146  9:32  Zergling x18  
  155  9:38  Zergling x10  
  155  9:39  Zergling x2  
  155  9:43  Zerg Melee Weapons Level 3, Zerg Ground Armor Level 3, Ultralisk Cavern  
  155  9:44  Baneling  
  155  9:45  Baneling x4  
  158  9:50  Zergling x14  
  165  9:56  Drone  
  165  9:57  Drone x3  
  165  9:58  Spore Crawler, Drone  
  165  9:59  Baneling x6  
  169  10:01  Zergling x6  
  169  10:03  Baneling  
  169  10:05  Zergling x8  
  176  10:10  Baneling x4  
  176  10:11  Zergling x6  
  174  10:22  Zergling x14  
  174  10:26  Zergling x2  
  174  10:27  Zergling x16  
  178  10:31  Ultralisk  
  178  10:33  Zergling x4  
  178  10:34  Drone x2  
  174  10:36  Drone x2  
  171  10:44  Zergling x2  
  171  10:45  Zergling x10  
  171  10:47  Drone x4  
  171  10:48  Drone  
  171  10:49  Spore Crawler  
  171  10:50  Zergling x2  
  171  10:52  Zergling x2  
  171  10:53  Zergling x2, Baneling  
  171  10:54  Baneling x11  
  171  10:56  Zergling x2  
  160  11:05  Zergling x8  
  164  11:11  Zergling x2, Ultralisk  
  164  11:12  Zergling x6  
  164  11:14  Drone  
  164  11:15  Drone  
  164  11:17  Zergling x12  
  178  11:19  Overseer  
  178  11:22  Overlord  
  178  11:28  Overlord  
  178  11:31  Overlord  
  178  11:32  Zergling x8  
  180  11:36  Chitinous Plating  
  153  11:55  Zergling x10  
  153  11:56  Zergling x8  
  160  12:02  Zergling x8, Ultralisk  
  160  12:04  Drone x3  
  165  12:08  Drone  
  165  12:14  Hatchery  
  163  12:16  Hatchery  
  163  12:17  Zergling x6, Ultralisk  
  168  12:27  Zergling x12  
  168  12:29  Extractor  
  170  12:31  Hatchery  
  170  12:36  Zergling x8, Ultralisk  
  170  12:37  Zergling x2  
  159  12:44  Zergling x16  
  159  12:49  Zergling x2  
  159  12:50  Zergling x8  
  158  12:53  Baneling x4  
  158  12:54  Anabolic Synthesis  
  158  12:55  Drone x2  
  156  13:02  Zergling x8  
  156  13:03  Spire  
  157  13:06  Drone x3  
  157  13:11  Zergling x6  
  161  13:13  Baneling x7  
  161  13:17  Zergling x2  
  161  13:18  Infestor  
  163  13:23  Zergling x2  
  163  13:24  Zergling x4  
  163  13:25  Zergling x2  
  163  13:26  Zergling x2  
  163  13:29  Zergling x8  
  163  13:30  Baneling x4  
  163  13:31  Baneling x3  
  163  13:33  Zergling x4  
  148  13:42  Zergling x14  
  148  13:44  Zergling x2  
  148  13:45  Zergling x8  
  158  13:53  Zergling x8, Ultralisk  
  156  14:05  Ultralisk  
  156  14:08  Drone x7  
  156  14:09  Spore Crawler  
  166  14:10  Drone  
  166  14:11  Zergling x8  
  166  14:13  Baneling x5  
  167  14:18  Corruptor  
  167  14:19  Zerg Flyer Weapons Level 1  
  167  14:20  Baneling  
  167  14:21  Baneling  
  169  14:25  Baneling x3  
  169  14:28  Overseer  
  168  14:31  Extractor, Drone x2  
  168  14:34  Zergling x20  
  168  14:35  Baneling x2  
  168  14:36  Baneling  
  168  14:38  Infestor  
  179  14:43  Zergling x2  
  179  14:44  Zergling x6  
  182  14:46  Overseer  
  179  14:53  Zergling x2, Ultralisk  
  179  14:54  Zergling x12  
  179  14:56  Zergling x2  
  179  14:57  Zergling x6  
  195  15:01  Baneling  
  193  15:08  Zergling x2  
  193  15:09  Zergling x10  
  195  15:19  Zergling x16, Ultralisk  
  170  15:23  Corruptor x2  
  170  15:27  Corruptor  
  168  15:31  Corruptor  
  168  15:34  Drone  
  163  15:36  Corruptor, Extractor  
  163  15:38  Zergling x10  
  163  15:39  Zergling x12  
  174  15:46  Corruptor  
  174  15:48  Zergling x14  
  183  15:50  Corruptor  
  183  15:53  Corruptor  
  187  15:57  Drone  
  187  15:58  Spore Crawler, Baneling x3  
  191  16:11  Zergling x6, Ultralisk  
  191  16:12  Zergling x2  
  196  16:19  Corruptor  
  195  16:25  Overlord  
  195  16:26  Overlord  
  195  16:27  Overlord  
  195  16:28  Corruptor  
  195  16:29  Corruptor x2  
  195  16:31  Zergling x6  
  192  16:38  Unknown, Baneling  
  192  16:39  Baneling x8  
  191  16:44  Zergling x2, Baneling x4  
  191  16:45  Zergling x12  
  195  16:48  Drone  
  195  16:50  Unknown  
  182  17:02  Corruptor x2  
  182  17:05  Zergling x12  
  182  17:06  Zergling x2  
  187  17:12  Overseer  
  187  17:14  Zergling x14  
  178  17:17  Overseer  
  178  17:18  Drone x8  
  178  17:22  Baneling x6  
  185  17:26  Infestor x2  
  188  17:34  Zergling x2  
  188  17:35  Zergling x10  
  189  17:37  Overseer  
  189  17:41  Drone  
  189  17:42  Zergling x2  
  189  17:43  Zergling x6  
  194  17:45  Drone  
  194  17:53  Zergling x8  
  194  17:58  Baneling x10  
  162  18:10  Zergling x10  
  162  18:12  Zergling x4  
  142  18:14  Zergling x4  
Show
View Real Time Build Order
Export as new Build Order

Cure Terran - Winner!

Build Orders: Reaper Expand 

Get SALT Encoding   

  12  0:00  SCV  
  13  0:12  SCV  
  14  0:17  Supply Depot  
  14  0:24  SCV  
  15  0:38  SCV  
  15  0:40  Barracks  
  16  0:42  Refinery  
  16  0:50  SCV  
  17  1:02  SCV  
  18  1:15  SCV  
  19  1:27  Orbital Command, Reaper  
  20  1:38  Command Center  
  20  1:46  Supply Depot  
  20  1:53  SCV  
  21  1:59  Marine  
  22  2:06  SCV  
  22  2:08  Factory  
  23  2:15  Refinery  
  23  2:19  Barracks Reactor  
  23  2:20  SCV  
  24  2:33  SCV  
  25  2:45  SCV  
  26  2:51  Orbital Command  
  26  2:54  Starport  
  26  2:57  SCV  
  27  3:01  Hellion x2  
  27  3:02  Marine  
  32  3:09  SCV  
  33  3:18  SCV  
  34  3:21  Supply Depot  
  34  3:25  SCV  
  35  3:30  SCV  
  42  3:37  SCV, Viking  
  42  3:38  Barracks Tech Lab  
  42  3:42  SCV  
  39  3:49  SCV  
  39  3:54  SCV  
  41  3:58  Supply Depot, Command Center, Hellion  
  41  3:59  Hellion  
  46  4:04  SCV  
  46  4:06  SCV  
  47  4:13  Cloaking Field, Banshee, Barracks Tech Lab  
  50  4:18  SCV x2  
  52  4:24  Supply Depot  
  52  4:30  SCV x2  
  54  4:32  Marine  
  54  4:33  Stimpack  
  55  4:42  SCV x2, Barracks  
  55  4:43  Factory Reactor  
  55  4:44  Barracks  
  57  4:49  Supply Depot  
  57  4:50  Marine  
  58  4:54  SCV  
  58  4:55  SCV, Supply Depot  
  58  4:56  Banshee  
  63  5:06  SCV  
  63  5:07  SCV  
  65  5:08  Marine  
  65  5:09  Refinery  
  65  5:10  Orbital Command, Refinery  
  66  5:19  SCV x2  
  68  5:24  Engineering Bay  
  68  5:26  Marine, Engineering Bay  
  69  5:30  Factory Reactor  
  69  5:31  SCV x2  
  71  5:36  Marine x2, Orbital Command  
  73  5:43  Marine x2, SCV x2  
  73  5:48  Supply Depot x2  
  77  5:51  Starport Reactor  
  77  5:53  Marine  
  77  5:54  Marine x2  
  77  5:56  SCV x2  
  82  6:01  Marine x2, Terran Infantry Armor Level 1, Terran Infantry Weapons Level 1  
  82  6:03  SCV  
  85  6:06  Factory  
  85  6:07  Armory  
  85  6:08  SCV  
  85  6:09  SCV  
  87  6:15  SCV, Combat Shield  
  87  6:18  Barracks  
  88  6:19  Barracks  
  88  6:28  Marine x3, SCV x3  
  88  6:30  Medivac x2  
  88  6:31  Marine x2  
  100  6:39  Supply Depot  
  100  6:40  Supply Depot  
  100  6:42  SCV x3  
  100  6:44  Widow Mine x2  
  107  6:52  Factory Tech Lab  
  107  6:54  SCV x3  
  107  7:03  Marine x5, Supply Depot  
  107  7:04  Supply Depot  
  107  7:07  Widow Mine x2  
  116  7:08  SCV x2  
  116  7:09  SCV  
  116  7:11  Widow Mine  
  116  7:15  Barracks Reactor, Drilling Claws  
  121  7:16  Barracks Reactor  
  121  7:21  Refinery  
  118  7:28  Command Center  
  118  7:30  Marine x4  
  118  7:31  Refinery  
  113  7:37  Marine  
  113  7:41  Widow Mine x2  
  113  7:42  Widow Mine  
  113  7:43  Medivac  
  106  7:45  Medivac  
  106  7:47  Marine x2  
  106  7:48  Marine  
  111  7:53  Marine x5  
  111  7:54  Marine  
  111  7:55  Supply Depot  
  111  7:58  Terran Infantry Weapons Level 2  
  117  8:04  SCV x3  
  120  8:05  Marine x3  
  120  8:08  Widow Mine x2  
  127  8:18  Marine x4, SCV x3  
  122  8:23  Widow Mine  
  122  8:25  Marine x4  
  122  8:27  Marine  
  126  8:28  Terran Infantry Armor Level 2  
  126  8:29  Widow Mine  
  126  8:30  Widow Mine  
  126  8:33  Medivac x2  
  135  8:38  Terran Vehicle And Ship Armor Level 1  
  135  8:42  Marine x2  
  135  8:43  Marine x2  
  135  8:44  Widow Mine  
  141  8:49  Barracks x2  
  141  8:51  Widow Mine  
  141  8:52  Barracks  
  143  8:59  Marine x5  
  143  9:00  Marine  
  147  9:03  Medivac x2  
  147  9:05  Widow Mine  
  147  9:06  Widow Mine  
  153  9:11  Marine x3  
  153  9:16  Marine, Supply Depot  
  157  9:17  Supply Depot x2  
  157  9:22  Widow Mine  
  157  9:26  Widow Mine  
  157  9:31  Marine x2  
  157  9:40  Supply Depot  
  157  9:41  Supply Depot  
  157  9:42  Supply Depot  
  157  9:48  Barracks Tech Lab x3  
  157  9:50  Supply Depot  
  157  9:52  Supply Depot  
  157  9:53  Supply Depot x2  
  157  9:54  Supply Depot  
  157  10:02  Marine x9, Widow Mine  
  157  10:03  Widow Mine  
  157  10:04  Widow Mine  
  157  10:05  Medivac x2  
  176  10:17  Marine  
  176  10:18  Marine, Marauder  
  176  10:19  Marine x5  
  176  10:20  Marine, Marauder  
  183  10:24  Widow Mine x2  
  183  10:25  Widow Mine  
  90  10:35  Medivac x2  
  171  10:36  Marauder  
  171  10:37  Terran Infantry Weapons Level 3, Marauder, Terran Vehicle And Ship Armor Level 2  
  171  10:39  SCV x2  
  171  10:40  SCV  
  172  10:44  Marine x2, Marauder  
  172  10:45  Widow Mine  
  172  10:46  Widow Mine  
  175  10:52  Planetary Fortress  
  167  11:05  Marine x2, Marauder  
  167  11:06  Marine x6, Marauder x3  
  183  11:15  Widow Mine x3  
  188  11:23  Marine x2  
  188  11:24  Marine x4  
  194  11:26  Marauder  
  194  11:27  Marauder x2  
  194  11:28  Concussive Shells  
  200  11:34  Terran Infantry Armor Level 3  
  200  11:41  Sensor Tower  
  200  11:42  Command Center  
  200  11:45  Widow Mine x2  
  200  11:46  Marine x2  
  200  11:51  Marine x2  
  200  11:52  Marauder x2  
  200  12:00  Widow Mine  
  200  12:01  Marauder x2  
  200  12:05  Marine x2  
  200  12:06  Widow Mine  
  200  12:08  Command Center  
  200  12:13  Marauder  
  200  12:15  Marine  
  200  12:20  Marine x4  
  200  12:21  Marauder  
  199  12:28  Marine x2  
  199  12:29  Marine, Marauder x2  
  199  12:30  Widow Mine  
  199  12:32  Marine  
  199  12:34  Starport  
  199  12:35  Starport, Marauder  
  199  12:36  Ghost Academy, Fusion Core  
  200  12:42  Marine x4  
  200  12:43  Marauder  
  200  12:44  Widow Mine x2  
  187  12:46  Marine x3  
  187  12:50  Marine, Marauder x2  
  187  12:51  Widow Mine  
  187  12:55  SCV x3  
  187  12:56  Marauder  
  186  13:00  Marine x4  
  186  13:04  Marauder  
  186  13:05  Widow Mine x2  
  195  13:07  SCV x3  
  195  13:08  Marine, SCV  
  195  13:11  Starport Tech Lab  
  195  13:12  Starport Reactor, Personal Cloaking  
  200  13:21  Orbital Command  
  200  13:27  Sensor Tower  
  200  13:32  Liberator x2  
  200  13:33  Liberator x2  
  200  13:36  Marine x5, Marauder x3  
  200  13:37  Widow Mine  
  200  13:39  Widow Mine  
  200  13:40  Widow Mine  
  175  13:45  Marauder  
  159  13:56  Marine x2  
  159  13:57  Marauder x2  
  159  13:58  Marauder, Widow Mine  
  159  13:59  SCV x2  
  159  14:00  SCV  
  159  14:01  Widow Mine x2  
  173  14:06  Planetary Fortress  
  173  14:09  Marine x2, SCV x2  
  179  14:10  Marauder  
  179  14:11  SCV  
  180  14:18  Ghost  
  180  14:19  Marine x3, Widow Mine  
  180  14:21  Ghost  
  180  14:23  Medivac  
  191  14:27  Ghost  
  191  14:30  Ghost  
  195  14:37  Nuke  
  195  14:44  Refinery x2  
  195  14:46  Ghost, Unknown  
  195  14:50  Ghost  
  197  15:10  Command Center  
  197  15:11  Viking  
  199  15:17  Viking  
  199  15:18  Viking x3  
  199  15:20  Ghost  
  151  15:31  Ghost x2  
  151  15:32  Marine x2  
  151  15:33  Marine x2, Marauder  
  157  15:39  Command Center  
  157  15:41  Medivac  
  159  15:47  Marine x3, Medivac x2  
  159  15:48  Medivac  
  170  15:50  Marauder  
  170  15:53  Sensor Tower  
  170  15:54  Marauder  
  170  15:55  Widow Mine x2  
  176  16:00  Marauder  
  178  16:06  Viking  
  178  16:11  Viking  
  180  16:14  Marine x2  
  180  16:15  Marauder  
  180  16:17  Viking x2  
  189  16:23  Viking  
  187  16:29  Ghost  
  187  16:30  Marine x4  
  190  16:39  Widow Mine x3  
  196  16:40  Marine x2, Marauder  
  200  16:59  Marine x4  
  200  17:00  Marauder  
  198  17:05  Marine x2  
  198  17:06  Marine x2, Marauder x2  
  196  17:12  Widow Mine x2  
  196  17:13  Widow Mine  
  194  17:17  Nuke  
  194  17:25  Marine x2, Marauder x2  
  200  17:36  Medivac x2, Planetary Fortress  
  200  17:38  Hi-Sec Auto Tracking  
  200  17:49  Command Center  
  200  17:50  Sensor Tower  
  198  17:54  Marine x2, Marauder  
  159  18:13  Marine x4  
  159  18:14  Marine x4, Marauder  
  159  18:16  Marauder  
Tags
 
Add a new tag
Caveats
  • Supply blocks, unpowered buildings, or Contaminate may cause inaccurate times.
  • Supply counts are checked every 10 seconds.